[ PARTIDA AOE2 · #481955827 ]
1v1 RMJaponeses vs Magyars
Equipo del jugador · VICT
Equipo rival · DERR
[ ANÁLISIS DE REPETICIÓN · EXTRAÍDO DE LA PARTIDA GRABADA ]
Feudal
9:33
Castillos
23:22
Imperial
45:10
| APM promedio | 49.8 |
| APM pico | 107 |
| eAPM promedio | 19.8 |
| Aldeanos / militares | 130 / 253 |
Foco
⚔️ 32.0% · 🌾 68.0%
Skirmisher ×107 · Spearman ×99 · Archer ×21 · Mangonel ×13 · Militia ×8 · Trebuchet (Packed) ×5
Feudal
11:03
Castillos
24:46
Imperial
48:08
| APM promedio | 47.8 |
| APM pico | 95 |
| eAPM promedio | 22.4 |
| Aldeanos / militares | 109 / 146 |
Foco
⚔️ 28.8% · 🌾 71.2%
Cavalry Archer ×45 · Scout Cavalry ×43 · Magyar Huszar ×31 · Archer ×10 · Mangonel ×10 · Scorpion ×4
Mapa de la partida
Recursos iniciales + cada clic de construcción. Líneas = muros · curvas = relieve. ◆ oro · ⬟ piedra · ● bayas · ✦ reliquia · ◌ hueco del cierre
Tu base· ✓ Cerrada en 23:22 · 19t muro · 2 puerta(s)
Base de Vicocel· Abierta — hueco de 4t
Terreno inicial suavizado · ◌ = hueco del cierre detectado · pasá el cursor para detalles
Inputs por minuto
— YoSoyRodolfo - - Vicocel
Build order — YoSoyRodolfo
Primeras 150 de 527 acciones detectadas
| 0:01 | Crear | Villager (Male) |
| 0:02 | Crear | Villager (Male) |
| 0:03 | Construir | House |
| 0:04 | Construir | House |
| 0:31 | Crear | Villager (Male) |
| 0:31 | Crear | Villager (Male) |
| 0:31 | Crear | Villager (Male) |
| 1:27 | Crear | Villager (Male) |
| 1:47 | Construir | Lumber Camp |
| 2:08 | Crear | Villager (Male) |
| 2:29 | Crear | Villager (Male) |
| 2:46 | Crear | Villager (Male) |
| 3:13 | Crear | Villager (Male) |
| 3:44 | Crear | Villager (Male) |
| 3:45 | Crear | Villager (Male) |
| 3:57 | Construir | House |
| 4:34 | Crear | Villager (Male) |
| 4:34 | Crear | Villager (Male) |
| 4:34 | Crear | Villager (Male) |
| 5:28 | Crear | Villager (Male) |
| 5:54 | Construir | Barracks |
| 6:24 | Investigar | Loom |
| 6:28 | Construir | Mining Camp |
| 6:32 | Construir | House |
| 6:45 | Construir | Mill |
| 6:54 | Crear | Villager (Male) |
| 7:23 | Investigar | Feudal Age |
| 7:28 | Construir | Palisade Gate |
| 8:10 | Construir | House |
| 8:11 | Crear | Militia |
| 8:30 | Crear | Militia |
| 8:54 | Construir | Palisade Gate |
| 8:56 | Construir | Palisade Wall |
| 8:59 | Construir | Palisade Wall |
| 9:03 | Crear | Militia |
| 9:19 | Crear | Villager (Male) |
| 9:33 | Edad | Edad Feudal |
| 9:34 | Investigar | Man-at-Arms (upgrade) |
| 9:34 | Investigar | Man-at-Arms (upgrade) |
| 9:58 | Crear | Villager (Male) |
| 10:07 | Investigar | Double-Bit Axe |
| 10:11 | Construir | Lumber Camp |
| 10:14 | Construir | House |
| 10:15 | Construir | Palisade Wall |
| 10:43 | Construir | Mill |
| 10:52 | Crear | Villager (Male) |
| 10:52 | Crear | Villager (Male) |
| 10:55 | Construir | House |
| 11:23 | Construir | Archery Range |
| 11:27 | Crear | Spearman |
| 11:46 | Construir | Farm |
| 11:53 | Construir | Palisade Wall |
| 11:56 | Crear | Villager (Male) |
| 12:14 | Crear | Villager (Male) |
| 12:22 | Crear | Archer |
| 12:29 | Construir | House |
| 12:31 | Construir | Palisade Wall |
| 12:37 | Construir | Farm |
| 13:16 | Crear | Archer |
| 13:31 | Crear | Villager (Male) |
| 13:32 | Crear | Villager (Male) |
| 13:44 | Construir | Archery Range |
| 13:45 | Crear | Villager (Male) |
| 13:48 | Construir | Farm |
| 13:51 | Construir | Farm |
| 14:11 | Crear | Skirmisher |
| 14:22 | Construir | House |
| 14:23 | Construir | House |
| 14:24 | Construir | House |
| 14:27 | Construir | Palisade Wall |
| 14:28 | Crear | Villager (Male) |
| 14:31 | Construir | Farm |
| 14:32 | Construir | Farm |
| 14:36 | Crear | Villager (Male) |
| 14:48 | Crear | Skirmisher |
| 14:48 | Crear | Skirmisher |
| 14:49 | Crear | Archer |
| 14:50 | Crear | Archer |
| 15:21 | Crear | Villager (Male) |
| 15:23 | Construir | Farm |
| 15:26 | Construir | Farm |
| 15:28 | Crear | Archer |
| 15:30 | Crear | Archer |
| 15:32 | Crear | Militia |
| 15:48 | Construir | Farm |
| 15:50 | Crear | Villager (Male) |
| 15:53 | Construir | Farm |
| 15:55 | Construir | Farm |
| 15:59 | Investigar | Horse Collar |
| 16:09 | Crear | Skirmisher |
| 16:09 | Crear | Skirmisher |
| 16:28 | Crear | Militia |
| 16:29 | Crear | Villager (Male) |
| 16:31 | Construir | Farm |
| 16:34 | Construir | Farm |
| 16:49 | Crear | Villager (Male) |
| 16:53 | Construir | Blacksmith |
| 17:07 | Crear | Skirmisher |
| 17:07 | Crear | Skirmisher |
| 17:26 | Construir | Farm |
| 17:27 | Crear | Villager (Male) |
| 17:31 | Crear | Villager (Male) |
| 17:37 | Construir | Farm |
| 17:41 | Construir | House |
| 17:58 | Crear | Villager (Male) |
| 18:12 | Crear | Villager (Male) |
| 19:02 | Crear | Villager (Male) |
| 19:06 | Construir | Farm |
| 19:10 | Crear | Archer |
| 19:11 | Crear | Archer |
| 19:11 | Crear | Skirmisher |
| 19:11 | Crear | Skirmisher |
| 19:14 | Crear | Villager (Male) |
| 19:25 | Crear | Spearman |
| 19:29 | Construir | Farm |
| 19:56 | Construir | House |
| 19:57 | Construir | House |
| 19:58 | Construir | House |
| 20:00 | Construir | House |
| 20:06 | Construir | Barracks |
| 20:11 | Crear | Villager (Male) |
| 20:42 | Investigar | Castle Age |
| 21:05 | Investigar | Arson |
| 21:05 | Investigar | Arson |
| 21:06 | Crear | Militia |
| 21:12 | Crear | Skirmisher |
| 21:13 | Crear | Skirmisher |
| 21:36 | Construir | Farm |
| 21:40 | Construir | Lumber Camp |
| 21:48 | Construir | Mining Camp |
| 21:53 | Crear | Villager (Male) |
| 21:54 | Crear | Villager (Male) |
| 22:11 | Investigar | Scale Mail Armor |
| 22:15 | Investigar | Forging |
| 22:44 | Crear | Archer |
| 22:44 | Crear | Archer |
| 22:48 | Crear | Militia |
| 22:48 | Crear | Militia |
| 22:55 | Crear | Villager (Male) |
| 23:22 | Edad | Edad de los Castillos |
| 23:23 | Investigar | Bow Saw |
| 23:23 | Investigar | Bow Saw |
| 23:30 | Construir | Town Center |
| 23:32 | Crear | Spearman |
| 24:10 | Crear | Spearman |
| 24:10 | Crear | Spearman |
| 24:13 | Crear | Spearman |
| 24:14 | Crear | Spearman |
| 24:18 | Crear | Villager (Male) |
| 24:19 | Crear | Villager (Male) |
Build order — Vicocel
Primeras 150 de 427 acciones detectadas
| 0:02 | Crear | Villager (Male) |
| 0:02 | Crear | Villager (Male) |
| 0:02 | Crear | Villager (Male) |
| 0:03 | Crear | Villager (Male) |
| 0:03 | Crear | Villager (Male) |
| 0:03 | Crear | Villager (Male) |
| 0:03 | Crear | Villager (Male) |
| 0:07 | Construir | House |
| 0:09 | Construir | House |
| 1:53 | Crear | Villager (Male) |
| 1:53 | Crear | Villager (Male) |
| 2:12 | Crear | Villager (Male) |
| 2:13 | Crear | Villager (Male) |
| 2:33 | Crear | Villager (Male) |
| 2:33 | Crear | Villager (Male) |
| 3:11 | Crear | Villager (Male) |
| 3:11 | Crear | Villager (Male) |
| 3:17 | Construir | House |
| 3:22 | Construir | House |
| 3:29 | Construir | Mill |
| 3:32 | Crear | Villager (Male) |
| 3:32 | Crear | Villager (Male) |
| 3:33 | Investigar | Loom |
| 4:27 | Construir | Lumber Camp |
| 4:39 | Crear | Villager (Male) |
| 4:55 | Crear | Villager (Male) |
| 5:29 | Crear | Villager (Male) |
| 5:29 | Crear | Villager (Male) |
| 6:06 | Crear | Villager (Male) |
| 6:06 | Crear | Villager (Male) |
| 6:41 | Crear | Villager (Male) |
| 6:52 | Crear | Villager (Male) |
| 6:52 | Crear | Villager (Male) |
| 7:29 | Construir | Barracks |
| 7:51 | Crear | Villager (Male) |
| 8:28 | Crear | Villager (Male) |
| 8:46 | Investigar | Feudal Age |
| 8:55 | Construir | House |
| 9:11 | Construir | Palisade Wall |
| 9:13 | Construir | House |
| 9:27 | Crear | Militia |
| 9:27 | Crear | Militia |
| 9:31 | Construir | Mining Camp |
| 10:05 | Construir | Palisade Gate |
| 10:10 | Construir | House |
| 10:15 | Construir | House |
| 10:29 | Construir | Palisade Wall |
| 10:37 | Construir | Palisade Wall |
| 11:03 | Edad | Edad Feudal |
| 11:09 | Construir | Archery Range |
| 11:29 | Crear | Villager (Male) |
| 11:29 | Crear | Villager (Male) |
| 11:49 | Construir | Mill |
| 11:50 | Crear | Archer |
| 11:50 | Crear | Archer |
| 12:07 | Crear | Archer |
| 12:08 | Crear | Villager (Male) |
| 12:10 | Construir | Farm |
| 12:34 | Crear | Villager (Male) |
| 12:36 | Construir | Farm |
| 12:54 | Crear | Archer |
| 12:57 | Construir | Farm |
| 13:05 | Crear | Archer |
| 13:17 | Crear | Villager (Male) |
| 13:18 | Crear | Villager (Male) |
| 13:33 | Crear | Archer |
| 13:41 | Construir | Blacksmith |
| 13:47 | Crear | Skirmisher |
| 14:02 | Crear | Villager (Male) |
| 14:02 | Crear | Villager (Male) |
| 14:20 | Construir | House |
| 14:22 | Construir | House |
| 14:33 | Investigar | Fletching |
| 14:36 | Construir | Farm |
| 14:40 | Construir | Farm |
| 14:43 | Construir | Farm |
| 14:45 | Construir | Farm |
| 14:54 | Crear | Archer |
| 14:57 | Crear | Villager (Male) |
| 14:59 | Construir | Farm |
| 15:04 | Construir | House |
| 15:05 | Construir | House |
| 15:20 | Crear | Villager (Male) |
| 15:50 | Construir | Stable |
| 15:52 | Crear | Villager (Male) |
| 16:02 | Construir | House |
| 16:21 | Crear | Villager (Male) |
| 16:24 | Construir | Farm |
| 16:50 | Construir | Palisade Wall |
| 16:53 | Crear | Scout Cavalry |
| 16:54 | Crear | Villager (Male) |
| 16:56 | Construir | Farm |
| 17:01 | Construir | House |
| 17:02 | Construir | House |
| 17:05 | Crear | Villager (Male) |
| 17:09 | Construir | Farm |
| 17:11 | Construir | Farm |
| 17:20 | Crear | Archer |
| 17:26 | Investigar | Padded Archer Armor |
| 17:34 | Construir | Farm |
| 17:34 | Crear | Villager (Male) |
| 17:37 | Construir | Farm |
| 17:42 | Crear | Scout Cavalry |
| 17:47 | Crear | Villager (Male) |
| 17:58 | Construir | Farm |
| 18:05 | Crear | Villager (Male) |
| 18:37 | Crear | Scout Cavalry |
| 18:37 | Crear | Scout Cavalry |
| 18:49 | Crear | Scout Cavalry |
| 18:50 | Crear | Archer |
| 18:50 | Crear | Archer |
| 19:23 | Construir | Market |
| 19:28 | Construir | House |
| 19:33 | Construir | House |
| 19:41 | Construir | House |
| 19:47 | Crear | Villager (Male) |
| 19:51 | Construir | Farm |
| 20:08 | Construir | House |
| 20:09 | Construir | House |
| 20:22 | Construir | Lumber Camp |
| 20:38 | Construir | House |
| 20:40 | Construir | House |
| 20:42 | Construir | House |
| 20:49 | Crear | Villager (Male) |
| 20:49 | Crear | Villager (Male) |
| 20:57 | Construir | Lumber Camp |
| 21:59 | Construir | House |
| 22:01 | Construir | House |
| 22:06 | Investigar | Castle Age |
| 22:19 | Construir | Watch Tower |
| 24:14 | Investigar | Gold Mining |
| 24:17 | Investigar | Town Watch |
| 24:46 | Edad | Edad de los Castillos |
| 24:49 | Construir | Siege Workshop |
| 24:51 | Crear | Villager (Male) |
| 24:51 | Crear | Villager (Male) |
| 25:11 | Investigar | Bodkin Arrow |
| 25:19 | Crear | Mangonel |
| 25:20 | Crear | Mangonel |
| 25:32 | Crear | Villager (Male) |
| 25:32 | Crear | Villager (Male) |
| 25:55 | Crear | Scorpion |
| 26:04 | Construir | House |
| 26:06 | Construir | House |
| 26:18 | Crear | Scorpion |
| 26:20 | Crear | Villager (Male) |
| 26:25 | Investigar | Light Cavalry (upgrade) |
| 26:26 | Crear | Scout Cavalry |
| 26:27 | Crear | Scout Cavalry |
| 26:49 | Crear | Mangonel |
Cronología de la partida
| 5:54 | YoSoyRodolfo · first_building Barracks |
| 7:29 | Vicocel · first_building Barracks |
| 8:56 | YoSoyRodolfo · wall_segment Palisade Wall x1 |
| 8:59 | YoSoyRodolfo · wall_segment Palisade Wall x3 |
| 9:11 | Vicocel · wall_segment Palisade Wall x4 |
| 9:33 | YoSoyRodolfo · age_up feudal |
| 10:15 | YoSoyRodolfo · wall_segment Palisade Wall x1 |
| 10:29 | Vicocel · wall_segment Palisade Wall x1 |
| 10:37 | Vicocel · wall_segment Palisade Wall x1 |
| 11:03 | Vicocel · age_up feudal |
| 11:09 | Vicocel · first_building Archery Range |
| 11:23 | YoSoyRodolfo · first_building Archery Range |
| 11:53 | YoSoyRodolfo · wall_segment Palisade Wall x9 |
| 12:31 | YoSoyRodolfo · wall_segment Palisade Wall x1 |
| 14:27 | YoSoyRodolfo · wall_segment Palisade Wall x4 |
| 15:50 | Vicocel · first_building Stable |
| 16:50 | Vicocel · wall_segment Palisade Wall x12 |
| 21:37 | Vicocel · first_market_buy 100 food |
| 21:38 | Vicocel · first_market_sell 100 wood |
| 23:22 | YoSoyRodolfo · age_up castle |
| 24:46 | Vicocel · age_up castle |
| 24:49 | Vicocel · first_building Siege Workshop |
| 25:23 | YoSoyRodolfo · first_building Siege Workshop |
| 35:24 | YoSoyRodolfo · first_building Castle |
| 43:09 | Vicocel · first_building Castle |
| 43:50 | YoSoyRodolfo · wall_segment Stone Wall x14 |
| 45:10 | YoSoyRodolfo · age_up imperial |
| 46:38 | YoSoyRodolfo · wall_segment Stone Wall x5 |
| 46:45 | YoSoyRodolfo · wall_segment Stone Wall x5 |
| 46:48 | YoSoyRodolfo · wall_segment Stone Wall x11 |
| 46:50 | YoSoyRodolfo · wall_segment Stone Wall x10 |
| 48:08 | Vicocel · age_up imperial |
| 56:59 | Vicocel · resign |
[ ANÁLISIS IA · 1 CRÉDITO ]
¿Qué pasó realmente en esta partida?
Wolo.gg analiza cada decisión: build order, eco, micro, errores típicos por bracket. Análisis personalizado por WhatsApp o Discord en 30 segundos.
Guía civ
Japoneses
Guía mapa
Arabia
Perfil
Jugador #549074